 Dungeon Crawl Stone Soup version 0.30.1-4-g462c640d31 (webtiles) character file.

Game seed: 5167824162140992047

156 EWolf27 the Digger (level 5, -3/30 HPs)
             Began as a Gargoyle Earth Elementalist on Aug 9, 2023.
             Slain by a gnoll
             ... wielding a +1 spear of venom
             ... led by a gnoll bouda
              (4 damage)
             ... on level 3 of the Dungeon on Aug 10, 2023.
             The game lasted 00:09:45 (3642 turns).

EWolf27 the Digger (Gargoyle Earth Elementalist)    Turns: 3642, Time: 00:09:45

Health: -3/30      AC:  7    Str: 11    XL:     5   Next: 37%
Magic:  0/9        EV: 11    Int: 18    God:
Gold:   135        SH:  0    Dex: 10    Spells: 6/10 levels left

rFire   . . .        i - +0 whip
rCold   . . .        (no shield)
rNeg    + + .        k - +0 leather armour
rPois   ∞            (no helmet)
rElec   +            (no cloak)
rCorr   .            (no gloves)
SInv    +            (no boots)
Will    .....        (no amulet)
Stlth   ++           c - ring of positive energy
HPRegen 0.25/turn    o - ring of see invisible
MPRegen 0.11/turn

%: no passive effects
@: attractive
A: sickness immunity, AC +4, negative energy resistance 1, electricity
resistance, torment resistance 1, petrification resistance
a: no special abilities


You were on level 3 of the Dungeon.
You visited 1 branch of the dungeon, and saw 3 of its levels.

You collected 135 gold pieces.

Inventory:

Hand Weapons
 i - a +0 whip (weapon)
Armour
 k - a +0 leather armour (worn)
Jewellery
 c - a ring of positive energy (left hand)
 o - a ring of see invisible (right hand)
Scrolls
 a - a scroll of teleportation {unknown}
 d - 5 scrolls of identify {unknown}
 e - a scroll of torment {unknown}
 h - 2 scrolls of immolation {unknown}
 l - a scroll of vulnerability {unknown}
 m - a scroll of enchant weapon {unknown}
 n - a scroll of fog {unknown}
Potions
 b - a potion of magic
 f - a potion of attraction
 g - a potion of berserk rage {unknown}
 j - 2 potions of curing {unknown}


   Skills:
 + Level 2.1 Fighting
 - Level 0.9 Maces & Flails
 + Level 0.8 Armour
 - Level 1.5 Dodging
 - Level 2.1 Stealth
 + Level 3.1 Spellcasting
 * Level 1.3 Conjurations
 - Level 0.7 Transmutations
 + Level 4.9 Earth Magic


You had 6 spell levels left.
You knew the following spells:

 Your Spells              Type           Power      Damage    Failure   Level
a - Sandblast             Erth           40%        2d10      2%          1
b - Stone Arrow           Conj/Erth      28%        3d8       17%         3

Your spell library contained the following spells:

 Spells                   Type           Power      Damage    Failure   Level
 Passwall                 Tmut/Erth      10%        N/A       10%         2
 Petrify                  Tmut/Erth      12%        N/A       54%         4


Dungeon Overview and Level Annotations

Branches:
Dungeon (3/15)

Altars:


Innate Abilities, Weirdness & Mutations

You are immune to sickness and miasma.
Your stone body is resilient. (AC +4)
You are immune to poison.
You resist negative energy. (rN+)
You are resistant to electric shocks. (rElec)
You are resistant to unholy torment.
You are immune to petrification.


Message History

Confirm with . or Enter, or press ? or * to list all spells.
Aiming: Sandblast (safe; 3% risk of failure)
Press: ? - help, Shift-Dir - straight line, f - gnoll
Aim: a gnoll, wielding a +0 whip (85% to hit)
The blast of sand misses the gnoll.
The gnoll hits you but does no damage. The gnoll barely misses you.
The gnoll hits you but does no damage.
Unknown command.
Casting: Sandblast (safe; 3% risk of failure)
Confirm with . or Enter, or press ? or * to list all spells.
Aiming: Sandblast (safe; 3% risk of failure)
Press: ? - help, Shift-Dir - straight line, f/p - gnoll
Aim: a gnoll, wielding a +0 whip (85% to hit)
The blast of sand hits the gnoll!
The gnoll is severely wounded.
The gnoll hits you from afar with a +1 spear of venom.
* * * LOW HITPOINT WARNING * * *
The gnoll closely misses you. The gnoll hits you but does no damage.
It was a potion of attraction.
You feel attractive to monsters. The gnoll barely misses you.
The gnoll hits you but does no damage.
Casting: Sandblast (safe; 3% risk of failure)
Confirm with . or Enter, or press ? or * to list all spells.
Aiming: Sandblast (safe; 3% risk of failure)
Press: ? - help, Shift-Dir - straight line, f/p - gnoll
Aim: a gnoll, wielding a +0 whip (severely wounded, 85% to hit)
The blast of sand hits the gnoll!
You kill the gnoll!
The gnoll hits you from afar with a +1 spear of venom.
* * * LOW HITPOINT WARNING * * *
The gnoll is attracted toward you.
Casting: Sandblast (safe; 2% risk of failure)
Confirm with . or Enter, or press ? or * to list all spells.
You don't have enough magic to cast this spell.
Unknown command.
Casting: Sandblast (safe; 2% risk of failure)
Confirm with . or Enter, or press ? or * to list all spells.
You don't have enough magic to cast this spell.
Unknown command.
The gnoll hits you from afar with a +1 spear of venom.
You die...

... #### #.# ... #.#
######.####. #.#
#........(..
#######.######...........
#...................)....
#.....#.#####............
#.....#.#####............
#.....#.#..@.......######
#.....#.#g#######.##
#####.#.#§#### #.#
#.#......# #.#
####.###.##.####.#
##....###.##)#....#####
#.....'...))..........#
#.....#.#.###.....###.#
##.#####.#.##...##.#


You could see a gnoll.

Vanquished Creatures
  A gnoll bouda (D:3)
  3 adders (D:2)
  4 gnolls (D:3)
  2 worms (D:2)
  A dart slug (D:1)
  An orc (D:3)
  3 ball pythons
  6 bats
  9 endoplasms
  2 giant cockroaches
  2 goblins (D:2)
  7 hobgoblins
  4 jackals (D:1)
  3 quokkas
  A rat (D:1)
49 creatures vanquished.

Notes
Turn   | Place    | Note
-------+----------+-------------------------------------------
     0 | D:1      | EWolf27 the Gargoyle Earth Elementalist began the quest for
                  | the Orb.
     0 | D:1      | Reached XP level 1. HP: 10/10 MP: 3/3
   104 | D:1      | Reached XP level 2. HP: 5/16 MP: 0/5
   170 | D:1      | Reached skill level 4 in Earth Magic
   823 | D:1      | Reached skill level 1 in Fighting
  1212 | D:1      | Reached XP level 3. HP: 20/20 MP: 1/6
  1551 | D:1      | Learned a level 3 spell: Stone Arrow
  2521 | D:2      | Reached XP level 4. HP: 26/26 MP: 5/8
  3023 | D:2      | Found a faded altar of an unknown god.
  3281 | D:3      | Upgraded the game from 0.30.1-3-gfc49f6343a to
                  | 0.30.1-4-g462c640d31
  3629 | D:3      | Reached skill level 1 in Conjurations
  3629 | D:3      | Reached XP level 5. HP: 13/30 MP: 3/9
  3641 | D:3      | HP: 1/30 [gnoll/+1 spear of venom[a gnoll bouda] (6)]
  3642 | D:3      | Slain by a gnoll

Illustrated notes

Levels and vault maps discovered:
D:1:      minmay_arrival_cross, layout_basic, grunt_decor_clamped,
          nicolae_hexahallways
D:2:      layout_basic, ebering_ecumenical_altar_abandoned
D:3:      layout_basic, nicolae_kikubaaqudgha_miasma_corner,
          ebering_ghost_rock_garden

Skill      XL: |  1  2  3  4 |
---------------+-------------+-----
Earth Magic    | 4 |  4.9
Fighting       | 1 2 |  2.1
Spellcasting   | 3 |  3.1
Conjurations   | 1 |  1.3
Maces & Flails | |  0.9
Armour         | |  0.8
Dodging        | |  1.5
Stealth        | |  2.1
Transmutations | |  0.7

Action                     |  1- 3 |  4- 6 || total
---------------------------+-------+-------++-------
  Melee: Unarmed           |     6 |       ||     6
         Whip              |    34 |    28 ||    62
   Cast: Sandblast         |    34 |    26 ||    60
    Use: Potion            |       |     1 ||     1
   Stab: Sleeping          |     1 |     2 ||     3
 Armour: Robe              |    12 |       ||    12
         Leather armour    |    12 |    11 ||    23
  Dodge: Dodged            |    46 |    28 ||    74
